 Dungeon Crawl Stone Soup version 0.29.1-14-g9c671dbff4 (webtiles) character file.

Game seed: 6473643901537449415

50 Heoruswealwe the Conjurer (level 3, -5/20 HPs)
             Began as a Deep Elf Conjurer on Feb 17, 2023.
             Slain by Grinder (8 damage)
             ... on level 3 of the Dungeon.
             The game lasted 00:16:50 (1750 turns).

Heoruswealwe the Conjurer (Deep Elf Conjurer)       Turns: 1750, Time: 00:16:51

Health: -5/20      AC:  3    Str:  4    XL:     3   Next: 55%
Magic:  10/10      EV: 12    Int: 24    God:
Gold:   79         SH:  0    Dex: 13    Spells: 9/10 levels left

rFire   . . .      SeeInvis .   m - +0 arbalest
rCold   . . .      Faith    .   (shield currently unavailable)
rNeg    . . .      Spirit   .   t - +0 robe
rPois   .          Reflect  .   (no helmet)
rElec   .          Harm     .   F - +0 cloak
rCorr   .          Rampage  .   (no gloves)
Will    .....                   (no boots)
Stlth   ++........              (no amulet)
HPRegen 0.06/turn               (no ring)
MPRegen 0.12/turn               (no ring)

@: no status effects
A: no striking features
a: no special abilities


You were on level 3 of the Dungeon.
You visited 1 branch of the dungeon, and saw 3 of its levels.

You collected 85 gold pieces.
You donated 6 gold pieces to Zin.

Inventory:

Hand Weapons
 d - a +0 club
 j - a +0 dagger
 l - a +0 club
 m - a +0 arbalest (weapon)
 s - a +0 dagger
 v - a +0 club
 x - a +0 club
 y - a +0 sling
 C - a +0 club
 D - a +0 sling
Missiles
 f - 23 stones
 E - 6 poisoned darts
Armour
 a - a +0 robe
 c - a +0 leather armour
 h - a +0 chain mail
 k - a +0 leather armour
 t - a +0 robe (worn)
 u - a +0 robe
 F - a +0 cloak (worn)
 G - a +0 robe
Scrolls
 e - a scroll of blinking {unknown}
 n - a scroll of enchant weapon {unknown}
 o - 2 scrolls of teleportation {unknown}
 p - a scroll of noise {unknown}
 r - 2 scrolls of immolation {unknown}
 z - a scroll of brand weapon {unknown}
 A - a scroll of fear {unknown}
 B - a scroll of fog {unknown}
 H - 2 scrolls of enchant armour {unknown}
Potions
 b - 3 potions of magic
 g - a potion of cancellation {unknown}
 i - a potion of lignification {unknown}
 q - a potion of curing {unknown}
 w - 2 potions of brilliance {unknown}
 I - a potion of invisibility {unknown}


   Skills:
 + Level 0.7 Fighting
 + Level 1.3 Ranged Weapons
 - Level 2.4 Dodging
 - Level 2.4 Stealth
 + Level 4.0 Spellcasting
 + Level 5.0 Conjurations


You had 9 spell levels left.
You knew the following spells:

 Your Spells              Type           Power      Damage    Failure   Level
a - Magic Dart            Conj           100%       1d8       1%          1

Your spell library contained the following spells:

 Spells                   Type           Power      Damage    Failure   Level
 Searing Ray              Conj           56%        2d6       1%          2
 Dazzling Flash           Conj/Hex       32%        N/A       11%         3
 Fulminant Prism          Conj/Hex       8%         3d7       34%         4
 Iskenderun's Mystic Bla  Conj/Tloc      16%        2d5       34%         4


Dungeon Overview and Level Annotations

Branches:
Dungeon (3/15)

Altars:
Zin

Annotations:
D:3 Grinder


Message History

Found a stone staircase leading down.
Found a robe.
Found 2 scrolls labelled SITTUK TONGO.
You see here a +0 robe.
G - a +0 robe You start removing your armour.
You continue taking off your +0 robe. x4
You finish taking off your +0 robe.
You start putting on your armour.
You continue putting on your +0 robe. x5
You finish putting on your +0 robe.
You start removing your armour.
You continue taking off your +0 robe. x4
You finish taking off your +0 robe.
You start putting on your armour.
You continue putting on your +0 robe. x5
You finish putting on your +0 robe.
H - 2 scrolls labelled SITTUK TONGO A rat comes into view.
You shoot a bolt. The bolt hits the rat!
You kill the rat!
Found 4 stones.
f - 23 stones (gained 4)
Found a glowing coppery potion.
I - a glowing coppery potion Grinder comes into view.
You shoot a bolt.
The bolt hits Grinder but does no damage.
Grinder shouts!
You shoot a bolt. The bolt hits Grinder.
Grinder is lightly wounded.
You shoot a bolt. The bolt hits Grinder.
Grinder is lightly wounded.
Grinder grins, showing sharp teeth.
Grinder gestures at you.
You barely resist. You shoot a bolt. The bolt hits Grinder.
Grinder is lightly wounded.
Grinder hits you.
You shoot a bolt. The bolt barely misses Grinder.
Grinder hits you!
You writhe in agony.
* * * LOW HITPOINT WARNING * * *
Grinder hits you!
You die...

#.. #.. #
#..#. # #....
.# ...##.###.
.........
######5...#
#.....@# ####
##.####.#
....##.. #.#
###..#.## #.#
#.......####.#
#.##....#..#.#
#.#.>...#..#.#
#.#..#..#..#.#
#.#..#..#..#.#


You could see Grinder.

Vanquished Creatures
  A worm (D:2)
  4 dart slugs (D:2)
  3 endoplasms
  3 giant cockroaches
  6 hobgoblins
  A kobold (D:1)
  3 quokkas (D:1)
  4 ball pythons (D:2)
  3 bats (D:2)
  2 frilled lizards (D:1)
  4 goblins
  3 rats
37 creatures vanquished.

Vanquished Creatures (others)
  4 fungi (D:2)
  A plant (D:2)
5 creatures vanquished.

Grand Total: 42 creatures vanquished

Notes
Turn   | Place    | Note
-------+----------+-------------------------------------------
     0 | D:1      | Heoruswealwe the Deep Elf Conjurer began the quest for the
                  | Orb.
     0 | D:1      | Reached XP level 1. HP: 10/10 MP: 6/6
   273 | D:1      | Reached XP level 2. HP: 15/15 MP: 5/8
  1154 | D:2      | Found a faded altar of an unknown god.
  1196 | D:2      | Prayed at the altar of an unknown god.
  1196 | D:2      | Became a worshipper of Zin the Law-Giver
  1196 | D:2      | Reached * piety under Zin
  1198 | D:2      | Fell from the grace of Zin
  1279 | D:2      | Reached XP level 3. HP: 19/19 MP: 10/10
  1356 | D:2      | Reached skill level 1 in Ranged Weapons
  1638 | D:2      | Reached skill level 5 in Conjurations
  1645 | D:2      | You fall into a shaft and drop 1 floor!
  1745 | D:3      | Noticed Grinder
  1750 | D:3      | Slain by Grinder

Illustrated notes

Levels and vault maps discovered:
D:1:      saegor_arrival_simple_e, layout_loops_ring, minmay_misc_feat_enclosed
D:2:      layout_basic, shapermc_ecumenical_altar_acropolis,
          minmay_small_reverse_x, uniq_sigmund
D:3:      layout_basic, minmay_randomly_rotated_circles, uniq_robin,
          uniq_crazy_yiuf_cottage, uniq_grinder

Skill      XL: |  1  2  3 |
---------------+----------+-----
Ranged Weapons | 1 |  1.3
Spellcasting   | 4 |  4.0
Conjurations   | 5 |  5.0
Fighting       | |  0.7
Dodging        | |  2.4
Stealth        | |  2.4

Action                   || total
-------------------------++-------
Melee: Dagger            ||    26
       Punch             ||     1
 Fire: Arbalest          ||    70
 Cast: Magic Dart        ||    19
Invok: Renounce Religion ||     1
Armor: Robe              ||     6
Dodge: Dodged            ||    28
